 Dungeon Crawl Stone Soup version 0.31-a0-744-gbc345e7fcb (webtiles) character file.

Game seed: 1459970913103107552

12 Bravepunisher the Ducker (level 2, -9/16 HPs)
             Began as a Spriggan Monk on Sept 13, 2023.
             Killed by nerve-wracking pain
             ... invoked by a shadow imp
              (13 damage)
             ... on level 5 of the Dungeon.
             The game lasted 00:01:52 (310 turns).

Bravepunisher the Ducker (Spriggan Monk)             Turns: 310, Time: 00:01:53

Health: -9/16      AC:  2    Str:  7    XL:     2   Next: 20%
Magic:  3/3        EV: 19    Int: 11    God:
Gold:   14         SH:  0    Dex: 17    Spells: 1/1 levels left

rFire   . . .        a - +0 short sword
rCold   . . .        d - orb {light}
rNeg    . . .        b - +0 robe
rPois   .            (helmet restricted)
rElec   .            (no cloak)
rCorr   .            (gloves unavailable)
SInv    +            (boots unavailable)
Will    .....        (no amulet)
Stlth   +            (no ring)
HPRegen 0.22/turn    (no ring)
MPRegen 0.08/turn

%: no passive effects
@: glowing, very quick
A: very small, no large weapons, unfitting armour, see invisible, speed 3
a: no special abilities


You were on level 5 of the Dungeon.
You visited 1 branch of the dungeon, and saw 5 of its levels.

You collected 14 gold pieces.

Inventory:

Hand Weapons
 a - a +0 short sword (weapon)
Armour
 b - a +0 robe (worn)
 d - an orb of light (worn)
Wands
 e - a wand of mindburst (15)
Potions
 c - a potion of ambrosia


   Skills:
 + Level 2.6 Fighting
 - Level 3.2 Short Blades
 * Level 4.6 Dodging


You had one spell level left.
You didn't know any spells.
Your spell library was empty.

Dungeon Overview and Level Annotations

Branches:
Dungeon (5/15)
 Temple: D:4-7

Altars:

Shops:
D:1 *

Annotations:
D:3 Ijyb


Innate Abilities, Weirdness & Mutations

You are very small and have problems with some larger weapons.
You are too small for most types of armour.
You have supernaturally acute eyesight. (SInv)
You cover ground extremely quickly. (Speed+++)


Message History

Found 9 gold pieces.
A jelly comes into view.
Found a scroll labelled ABUETHR PELYIT.
Found a bubbling black potion.
You see here 9 gold pieces.
Found a mace.
A dart slug comes into view.
A scorpion comes into view.
Found an escape hatch in the ceiling.
Found an escape hatch in the floor.
The jelly quivers.
There is a stone staircase leading down here.
An orc comes into view. It is wielding a +0 flail.
The orc shouts!
The orc moves out of view.
There is an escape hatch in the floor here.
Found 3 scrolls labelled HUIMER LAYL.
The dart slug launches a dart at you. The slug dart misses you.
A shadow imp comes into view.
The shadow imp shouts, "Run away, thou qualling shard-borne pissant!"
You see here a +0 spear.
A gnoll comes into view. It is wielding a +0 club.
The gnoll shouts!
The shadow imp gestures at you. Pain shoots through your body!
Ouch! That really hurt!
* * * LOW HITPOINT WARNING * * *
A gnoll comes into view. It is wielding a +0 spear.
The gnoll shouts!
You hear an angry hiss.
A gnoll comes into view. It is wielding a +0 whip.
The gnoll shouts!
The gnoll barely misses you. The gnoll barely misses you.
The shadow imp summons a swarm of flies.
The gnoll misses you. The shadow imp gestures at you.
Pain shoots through your body!
Ouch! That really hurt!
You die...

.P#####............ ###
...#..........##...###.#
.......!.......#....#..###
.........................#
.........................#
...................gg....##
...................g......#
##............#.S........##
##........... #.@...5.P..##
#..#.......#....#.....~P~~###
.....J.....##...##.s..~~~~PP~
##.............##..o.s~♣~P~~~~
#...................~~♣♣♣♣♣~P~#
..................J.P~~♣ ♣~P#
..##................P~♣♣♣♣♣ ~P#
####............#....P~P♣~♣~
###..................~P~P~P


You could see 2 scorpions, 3 gnolls, an adder, a shadow imp and an orc.

Vanquished Creatures
  An adder (D:2)
  An endoplasm (D:2)
  A hobgoblin (D:4)
  A frilled lizard (D:1)
4 creatures vanquished.

Notes
Turn   | Place    | Note
-------+----------+-------------------------------------------
     0 | D:1      | Bravepunisher the Spriggan Monk began the quest for the
                  | Orb.
     0 | D:1      | Reached XP level 1. HP: 11/11 MP: 2/2
    48 | D:1      | Found Ufipustry's General Store.
    77 | D:2      | Reached XP level 2. HP: 7/16 MP: 3/3
   121 | D:3      | Noticed Ijyb
   165 | D:5      | Entered Level 5 of the Dungeon
   201 | D:5      | Noticed a scorpion
   260 | D:5      | Noticed a scorpion
   310 | D:5      | Killed from afar by a shadow imp

Illustrated notes

Levels and vault maps discovered:
D:1:      enne_arrival_octagon_isle, layout_basic, serial_shops,
          nicolae_shop_advertising_works [nicolae_subvault_shop_adworks],
          palyth_stone_intersect
D:2:      layout_basic, basic_ecumenical_altar
D:3:      layout_rooms, minitemple, tso_oasis_becter, gup_sewer_entry_pipe,
          uniq_ijyb, uniq_crazy_yiuf_cottage
D:4:      layout_rooms, hangedman_decor_clover_reticule, uniq_natasha
D:5:      layout_cave_pools, serial_bayou, serial_bayou_pond_d,
          serial_bayou_shore_b, serial_bayou_pond_e, serial_bayou_pond_a,
          serial_bayou_pond_c

Action                     || total
---------------------------++-------
  Melee: Short sword       ||    20
 Armour: Robe              ||     6
  Dodge: Dodged            ||    24

Table legend: (Time is in decaauts)
 A = Elapsed time spent in this place.
 B = Non-inter-level travel time spent in this place.
 C = Inter-level travel time spent in this place.
 D = Time resting spent in this place.
 E = Time spent auto-exploring this place.
 F = Levels seen in this place.
 G = Mean time per level.
                   A        B        C        D        E       F      G
               +--------+--------+--------+--------+--------+-----+--------+
         Total |    210 |    210 |      0 |     37 |     26 |   5 |   42.0 |
       Dungeon |    210 |    210 |      0 |     37 |     26 |   5 |   42.0 |
               +--------+--------+--------+--------+--------+-----+--------+

Top non-repeatable levels by time:
     D:5: 88 daAuts
     D:2: 53 daAuts
     D:1: 39 daAuts
     D:4: 19 daAuts
     D:3: 9 daAuts
